 Dungeon Crawl Stone Soup version 0.25.0-37-gb73750e0fb (webtiles) character file.

Game seed: 8414789948953470622

1630 Delamore the Basher (level 8, -15/54 HPs)
             Began as a Gargoyle Fighter on July 8, 2020.
             Was a Follower of Okawaru.
             Killed by divine providence
             ... invoked by an orc priest
              (17 damage)
             ... on level 7 of the Dungeon.
             The game lasted 00:07:56 (6704 turns).

Delamore the Basher (Gargoyle Fighter)              Turns: 6704, Time: 00:07:57

Health: -15/54     AC: 21    Str: 23    XL:     8   Next: 97%
Magic:  8/8        EV:  9    Int:  8    God:    Okawaru [*.....]
Gold:   154        SH:  4    Dex:  9    Spells: 5/7 levels left

rFire    + . .     SeeInvis .   a - +0 flail
rCold    + . .     Gourm    .   E - +0 buckler of Dogmatism {rC+}
rNeg     + . .     Faith    +   u - +4 scale mail
rPois    ∞         Spirit   .   z - +0 helmet
rElec    +         Reflect  .   x - +2 cloak {rPois}
rCorr    .         Harm     .   (no gloves)
MR       .....                  y - +0 pair of boots
Stlth    ..........             m - amulet of faith
HPRegen  0.18/turn              g - ring of protection from fire
MPRegen  0.11/turn              (no ring)

@: no status effects
A: negative energy resistance 1, electricity resistance, unbreathing,
petrification resistance, rot immunity, AC +5
a: Heroism, Renounce Religion


You were on level 7 of the Dungeon.
You worshipped Okawaru.
Okawaru was aware of your devotion.
You were not hungry.

You visited 1 branch of the dungeon, and saw 7 of its levels.

You collected 246 gold pieces.
You spent 92 gold pieces at shops.

Inventory:

Hand Weapons
 a - a +0 flail (weapon)
Missiles
 e - 2 throwing nets (quivered)
Armour
 b - a +0 scale mail
 c - a +0 kite shield
 u - a +4 scale mail (worn)
 x - a +2 cloak of poison resistance (worn)
 y - a +0 pair of boots (worn)
 z - a +0 helmet (worn)
 E - the +0 buckler of Dogmatism (worn) {rC+}
   (You found it on level 5 of the Dungeon)

   It protects you from cold.
Jewellery
 g - a ring of protection from fire (left hand)
 m - an amulet of faith (around neck)
 t - a cursed amulet of inaccuracy {unknown}
Wands
 F - a wand of enslavement (9)
 I - a wand of clouds (6)
Scrolls
 l - 4 scrolls of teleportation
 n - a scroll of magic mapping {unknown}
 r - 4 scrolls of remove curse
 v - 2 scrolls of enchant armour {unknown}
 w - a scroll of fear
 A - 2 scrolls of amnesia {unknown}
 D - 5 scrolls of identify
 G - a scroll of enchant weapon {unknown}
Potions
 d - a potion of might
 h - a potion of cancellation {unknown}
 i - 2 potions of brilliance {unknown}
 j - 4 potions of flight {unknown}
 k - 2 potions of lignification {unknown}
 o - 3 potions of degeneration {unknown}
 p - a potion of mutation {unknown}
 q - 2 potions of curing {unknown}
 s - 2 potions of heal wounds {unknown}
 B - 3 potions of stabbing {unknown}
 C - 2 potions of berserk rage {unknown}
Comestibles
 f - 13 rations


   Skills:
 - Level 7.8 Fighting
 + Level 8.5 Maces & Flails
 - Level 3.2 Armour
 - Level 5.0 Shields


You had 5 spell levels left.
You knew the following spells:

 Your Spells              Type           Power        Failure   Level  Hunger
a - Song of Slaying       Chrm           #.......     85%         2    ###....

Your spell library contained the following spells:

 Spells                   Type           Power        Failure   Level  Hunger
 Animate Skeleton         Necr           N/A          71%         1    ##.....
 Apportation              Tloc           #.....       71%         1    ##.....
 Corona                   Hex            #......      71%         1    ##.....
 Infusion                 Chrm           #...         71%         1    ##.....
 Summon Small Mammal      Summ           #...         71%         1    ##.....
 Shroud of Golubria       Chrm/Tloc      #.....       85%         2    ###....
 Ozocubu's Armour         Chrm/Ice       #.......     97%         3    ####...
 Spectral Weapon          Hex/Chrm       #.......     97%         3    ####...


Dungeon Overview and Level Annotations

Branches:
Dungeon (7/15)
 Temple: D:4-7

Altars:
Cheibriados
Dithmenos
Makhleb
Nemelex Xobeh
Okawaru
Qazlal
Ru
Sif Muna
Trog
Yredelemnul

Shops:
D:4 *}[   D:6 }


Innate Abilities, Weirdness & Mutations

You are resistant to torment.
Your stone body is resilient. (AC +5)
You are immune to poison.
You resist negative energy. (rN+)
You are resistant to electric shocks. (rElec)
You can survive without breathing.
You are immune to petrification.
You are immune to rotting.


Message History

You block the orc warrior's attack.
You barely miss the orc warrior.
The orc warrior hits you with a +0 glaive!
Your scale mail prevents you from hitting the orc warrior.
The orc priest looks encouraged for a moment.
You barely miss the orc warrior.
The orc warrior hits you with a +0 glaive.
You barely miss the orc warrior.
The orc warrior hits you with a +0 glaive!!
* * * LOW HITPOINT WARNING * * *
You are too injured to fight recklessly!
You closely miss the orc warrior.
The orc priest mumbles some strange prayers to Beogh against you.
Beogh smites you!
* * * LOW HITPOINT WARNING * * *
The orc warrior barely misses you.
There is an open door here.
The orc priest mumbles some strange prayers to Beogh against you.
Beogh smites you!
You die...

#...............#
+................
#................
#................
.#######.........######.
........................
........................
........................
##.....@################
#.......'o)oo..... #
#.......########## #
#.#...... # ..#...... #
+.##++## # #. # # # #


You could see an orc warrior, an orc priest and an orc.

Vanquished Creatures
  Prince Ribbit (D:7)
  Sigmund (D:3)
  2 phantoms
  An ogre (D:5)
  A scorpion (D:6)
  5 wights (D:7)
  A crimson imp (D:6)
  An orc priest (D:4)
  A hound (D:5)
  Crazy Yiuf (D:3)
  A jelly (D:6)
  A bullfrog skeleton (D:5)
  Terence (D:3)
  4 iguanas
  5 orc wizards
  3 worker ants
  A hound skeleton (D:6)
  Robin (D:4)
  4 gnolls (D:7)
  5 adders
  A shadow imp (D:7)
  3 worms
  6 leopard geckos
  16 orcs
  3 giant cockroaches
  18 goblins
  11 hobgoblins
  10 jackals
  A quokka (D:5)
  4 ball pythons
  8 bats
  8 frilled lizards
  7 kobolds
  A leopard gecko skeleton (D:4)
  A leopard gecko zombie (D:7)
  8 rats
147 creatures vanquished.

Vanquished Creatures (others)
  5 toadstools (D:1)
5 creatures vanquished.

Grand Total: 152 creatures vanquished

Notes
Turn   | Place    | Note
-------+----------+-------------------------------------------
     0 | D:1      | Delamore the Gargoyle Fighter began the quest for the Orb.
     0 | D:1      | Reached XP level 1. HP: 14/14 MP: 1/1
   122 | D:1      | Reached XP level 2. HP: 17/19 MP: 2/2
   856 | D:1      | Reached XP level 3. HP: 24/24 MP: 3/3
  1019 | D:2      | Found a sparkling altar of Nemelex Xobeh.
  1048 | D:2      | Reached skill level 3 in Maces & Flails
  1414 | D:2      | Reached XP level 4. HP: 24/30 MP: 4/4
  2009 | D:3      | Found a shadowy altar of Dithmenos.
  2112 | D:3      | Found a stormy altar of Qazlal.
  2125 | D:3      | Noticed Sigmund
  2270 | D:2      | Reached XP level 5. HP: 18/34 MP: 5/5
  2276 | D:2      | Reached skill level 5 in Fighting
  2276 | D:2      | Reached skill level 4 in Maces & Flails
  2448 | D:3      | Killed Sigmund
  2448 | D:3      | Reached XP level 6. HP: 34/41 MP: 6/6
  2559 | D:3      | Noticed Terence
  2566 | D:3      | Killed Terence
  2746 | D:3      | Found a sacrificial altar of Ru.
  2802 | D:3      | Found a runed translucent door.
  2803 | D:3      | Noticed Crazy Yiuf
  2904 | D:3      | Reached skill level 5 in Maces & Flails
  2974 | D:3      | Killed Crazy Yiuf
  3083 | D:4      | Found Qemoakua's Gadget Boutique.
  3084 | D:4      | Noticed a phantom
  3403 | D:4      | Killed a phantom
  3403 | D:4      | Reached XP level 7. HP: 25/47 MP: 7/7
  3710 | D:4      | Found Toemiumi's Armour Shoppe.
  3972 | D:4      | Found a bloodstained altar of Trog.
  4050 | D:4      | Noticed Robin
  4062 | D:4      | Killed Robin
  4083 | D:4      | Found Ceuck's Assorted Antiques.
  4094 | D:4      | Bought a scroll labeled YTZOSO LAYRO for 25 gold pieces
  4094 | D:4      | Bought 2 golden potions for 45 gold pieces
  4094 | D:4      | Bought a fuming emerald potion for 22 gold pieces
  4124 | D:4      | Found a shimmering blue altar of Sif Muna.
  4326 | D:5      | Entered Level 5 of the Dungeon
  4347 | D:5      | Reached skill level 6 in Maces & Flails
  4432 | D:5      | Identified the cursed +1 leather armour of Unreason {-Tele
                  | rElec rPois Dex+4} (You found it on level 5 of the Dungeon)
  4435 | D:5      | Found a basalt altar of Yredelemnul.
  4501 | D:5      | Found a snail-covered altar of Cheibriados.
  4651 | D:5      | Reached XP level 8. HP: 26/53 MP: 8/8
  4874 | D:5      | Got a blackened buckler
  4888 | D:4      | Identified the +0 buckler of Dogmatism {rC+} (You found it
                  | on level 5 of the Dungeon)
  5402 | D:6      | Found Alokeocw's Gadget Emporium.
  5450 | D:6      | Learned a level 2 spell: Song of Slaying
  5799 | D:6      | Found an iron altar of Okawaru.
  5808 | D:6      | Became a worshipper of Warmaster Okawaru
  6010 | D:6      | Found a burning altar of Makhleb.
  6010 | D:6      | Noticed a green death
  6013 | D:6      | Noticed a hellwing
  6013 | D:6      | Noticed a hellwing
  6052 | D:6      | Reached skill level 7 in Maces & Flails
  6436 | D:7      | Noticed Prince Ribbit
  6459 | D:7      | Killed Prince Ribbit
  6459 | D:7      | Reached skill level 5 in Shields
  6463 | D:7      | Reached * piety under Okawaru
  6481 | D:7      | Reached skill level 8 in Maces & Flails
  6701 | D:7      | HP: 1/54 [orc priest/divine providence (13)]
  6704 | D:7      | Killed from afar by an orc priest

Illustrated notes

Levels and vault maps discovered:
D:1:      ldierk_walled_garden, layout_loops_ring
D:2:      layout_loops_corners, nicolae_overflow_crystal_walls, first_ration,
          minivault_23
D:3:      layout_rooms, nicolae_dithmenos_through_a_glass_darkly,
          lemuel_doored_altar, overflow_temple_1_default, uniq_sigmund,
          uniq_terence, uniq_crazy_yiuf_cottage
D:4:      layout_loops_ring, led_sif_pool, marbit_many_paths, serial_shops,
          shop, shop, shop_fountains, st_stairs_12, uniq_robin
D:5:      layout_loops_corners, old_standard_altar, kennysheep_mini_moat
D:6:      layout_loops_corners, kennysheep_okawaru_gauntlet,
          makhleb_altar_promises_db, serial_shops, shop
D:7:      layout_basic, kennysheep_little_box, minmay_temple_entry_grid,
          basic_altar, uniq_prince_ribbit1, uniq_joseph

Skill      XL: |  1  2  3  4  5  6  7  8 |
---------------+-------------------------+-----
Fighting       | 4 5 6 7 |  7.8
Maces & Flails | 3 4 5 6 8 |  8.5
Shields        | 5 |  5.0
Armour         | |  3.2

Action                   |  1- 3 |  4- 6 |  7- 9 || total
-------------------------+-------+-------+-------++-------
Melee: Flail             |   149 |   244 |   238 ||   631
  Use: Scroll            |       |       |     4 ||     4
       Potion            |       |       |     1 ||     1
  Eat: Chunk             |     2 |     7 |    11 ||    20
Armor: Scale mail        |   146 |   178 |   123 ||   447
Dodge: Dodged            |    55 |   101 |    93 ||   249
Block: Kite shield       |   107 |   159 |    42 ||   308
       Buckler           |       |       |    13 ||    13
